 Dungeon Crawl Stone Soup version 0.29.1-13-g9f3cf754e1 (webtiles) character file.

Game seed: 6443960914344215244

44 Descartes the Ducker (level 3, 0/17 HPs)
             Began as a Felid Monk on Jan 28, 2023.
             Was a Believer of Okawaru.
             Constricted to death by a ball python (1 damage)
             ... on level 2 of the Dungeon.
             The game lasted 00:02:15 (1746 turns).

Descartes the Ducker (Felid Monk)                   Turns: 1746, Time: 00:02:16

Health: 0/17       AC:  1    Str:  9    XL:     3   Next: 41%
Magic:  4/4        EV: 16    Int: 11    God:    Okawaru [**....]
Gold:   59         SH:  0    Dex: 18    Spells: 2/2 levels left
                                        Lives:  0   Deaths: 0

rFire   . . .      SeeInvis +     - Unarmed
rCold   . . .      Faith    .   (shield unavailable)
rNeg    . . .      Spirit   .   (body armour unavailable)
rPois   +          Reflect  .   (helmet unavailable)
rElec   .          Harm     .   (cloak unavailable)
rCorr   .          Rampage  .   (gloves unavailable)
Will    +....                   (boots unavailable)
Stlth   +++.......              (no amulet)
HPRegen 0.05/turn               j - ring of willpower
MPRegen 0.09/turn               g - ring of poison resistance

@: constricted, quick
A: very small, claws 1, fangs 3, see invisible, speed 1, shaggy fur 1, stealthy
paws, no weapons or thrown items, no armour, multi-lived
a: Renounce Religion, Heroism


You were on level 2 of the Dungeon.
You worshipped Okawaru.
Okawaru was pleased with you.
You visited 1 branch of the dungeon, and saw 2 of its levels.

You collected 59 gold pieces.

Inventory:

Jewellery
 g - a ring of poison resistance (right paw)
 j - a ring of willpower (left paw)
Scrolls
 b - 2 scrolls of butterflies {unknown}
 f - 2 scrolls of identify {unknown}
 h - a scroll of silence {unknown}
Potions
 a - a potion of ambrosia
 c - a potion of attraction {unknown}
 d - a potion of mutation {unknown}
 e - a potion of heal wounds {unknown}
 i - a potion of haste {unknown}
 k - a potion of flight {unknown}


   Skills:
 + Level 3.3 Fighting
 + Level 4.5 Dodging
 + Level 3.4 Stealth
 + Level 3.3 Unarmed Combat
 + Level 0.7 Invocations


You had 2 spell levels left.
You didn't know any spells.
Your spell library was empty.

Dungeon Overview and Level Annotations

Branches:
Dungeon (2/15)

Altars:
Hepliaklqana
Okawaru


Innate Abilities, Weirdness & Mutations

You have sharp claws.
You have razor-sharp teeth.
You have supernaturally acute eyesight. (SInv)
You cover ground quickly. (Speed+)
You are covered in fur. (AC +1)
Your paws help you pounce on unaware monsters.
You are incapable of wielding weapons or throwing items.
You cannot wear armour.
You gain extra lives every three experience levels.


Message History

The ball python completely misses you.
You closely miss the hobgoblin.
The hobgoblin is heavily wounded.
The hobgoblin hits you. The ball python misses you.
The ball python completely misses you.
You scratch the hobgoblin.
You kill the hobgoblin!
Okawaru accepts your kill. The ball python closely misses you.
The ball python barely misses you.
You barely miss the ball python. The ball python bites you.
The ball python grabs you. The ball python constricts you.
You closely miss the ball python. The ball python bites you.
The ball python constricts you.
You are too injured to fight recklessly!
You are too injured to fight recklessly!
You are too injured to fight recklessly!
You are too injured to fight recklessly!
You are too injured to fight recklessly!
You are too injured to fight recklessly!
You are too injured to fight recklessly!
You are too injured to fight recklessly!
You are too injured to fight recklessly!
A ball python is nearby!
Unknown command.
You closely miss the ball python. The ball python closely misses you.
The ball python constricts you.
You closely miss the ball python. The ball python misses you.
The ball python constricts you.
* * * LOW HITPOINT WARNING * * *
You barely miss the ball python. Your bite misses the ball python.
The ball python barely misses you. The ball python constricts you.
* * * LOW HITPOINT WARNING * * *
You closely miss the ball python. The ball python bites you.
* * * LOW HITPOINT WARNING * * *
The ball python constricts you.
* * * LOW HITPOINT WARNING * * *
You barely miss the ball python. The ball python bites you.
* * * LOW HITPOINT WARNING * * *
The ball python constricts you.
You die...

... #.....#######. #.#
#......#...... #.#
#.._...#......
#####.###.............
#.............#######.
#.........###########.
#.........# #.........
#####.##### #.........
#@# #........#
#...†S.# #........#
#......# ##.........
#......# #..........
#......# #...##.#...
#......# #...##.#...
.....### #...##.#...
####### #...##.#...
#...##.#.).


You could see a ball python.

Vanquished Creatures
  3 dart slugs
  3 bats
  2 endoplasms
  A giant cockroach (D:2)
  4 hobgoblins
  A quokka (D:1)
  5 ball pythons
  2 frilled lizards
  8 goblins
  3 kobolds
  4 rats
36 creatures vanquished.

Notes
Turn   | Place    | Note
-------+----------+-------------------------------------------
     0 | D:1      | Descartes the Felid Monk began the quest for the Orb.
     0 | D:1      | Reached XP level 1. HP: 10/10 MP: 2/2
   224 | D:1      | Reached XP level 2. HP: 14/14 MP: 3/3
   574 | D:1      | Found a faded altar of an unknown god.
   582 | D:1      | Prayed at the altar of an unknown god.
   582 | D:1      | Became a worshipper of Warmaster Okawaru
   582 | D:1      | Reached * piety under Okawaru
   582 | D:1      | Reached ** piety under Okawaru
  1338 | D:2      | Reached XP level 3. HP: 17/17 MP: 4/4
  1717 | D:2      | Found a hazy altar of Hepliaklqana.
  1746 | D:2      | Constricted to death by a ball python

Illustrated notes

Levels and vault maps discovered:
D:1:      spicycebolla_green_bress_n_ham_2, layout_basic,
          hellmonk_ecumenical_altar_crossroads, hex_medium
D:2:      layout_basic, basic_altar

Skill      XL: |  1 |
---------------+----+-----
Stealth        | 3 |  3.4
Fighting       | |  3.3
Dodging        | |  4.5
Unarmed Combat | |  3.3
Invocations    | |  0.7

Action                   || total
-------------------------++-------
Melee: Unarmed           ||    83
       Bite              ||     6
       Punch             ||     3
 Stab: Sleeping          ||    12
Armor: Skin              ||     4
Dodge: Dodged            ||    62
